 Dungeon Crawl Stone Soup version 0.31-a0-263-ge8cad7f256 (webtiles) character file.

Game seed: 893527403327733872

135 qw the Shooter (level 5, -2/30 HPs)
             Began as a Gargoyle Hexslinger on July 13, 2023.
             Slain by an orc
             ... wielding a +0 hand axe
              (3 damage)
             ... on level 4 of the Dungeon.
             The game lasted 00:00:48 (1571 turns).

qw the Shooter (Gargoyle Hexslinger)                Turns: 1571, Time: 00:00:49

Health: -2/30      AC: 11    Str: 11    XL:     5   Next: 18%
Magic:  6/6        EV: 10    Int:  9    God:
Gold:   58         SH:  0    Dex: 17    Spells: 5/6 levels left

rFire   . . .        Y - +1 sling
rCold   . . .        (no shield)
rNeg    + . .        d - +0 ring mail
rPois   inf          g - +1 helmet "Oskoah" {Int-5 Dex+3}
rElec   +            (no cloak)
rCorr   .            (no gloves)
SInv    .            (no boots)
Will    .....        e - amulet of the acrobat
Stlth   +            (no ring)
HPRegen 0.25/turn    (no ring)
MPRegen 0.10/turn

%: acrobat
@: weak-willed
A: sickness immunity, AC +4, negative energy resistance 1, electricity
resistance, torment resistance 1, petrification resistance
a: no special abilities


You were on level 4 of the Dungeon.
You visited 1 branch of the dungeon, and saw 5 of its levels.

You collected 58 gold pieces.


Innate Abilities, Weirdness & Mutations

You are immune to sickness and miasma.
Your stone body is resilient. (AC +4)
You are immune to poison.
You resist negative energy. (rN+)
You are resistant to electric shocks. (rElec)
You are resistant to unholy torment.
You are immune to petrification.


   Skills:
 - Level 2.0 Fighting
 + Level 4.1 Ranged Weapons
 - Level 2.6 Armour
 - Level 1.5 Dodging
 - Level 1.0 Spellcasting
 - Level 2.6 Hexes


You had 5 spell levels left.
You knew the following spells:

 Your Spells              Type           Power      Damage    Failure   Level
a - Slow                  Hex            20%        N/A       28%         1

Your spell library contained the following spells:

 Spells                   Type           Power      Damage    Failure   Level
 Inner Flame              Hex/Fire       2%         N/A       82%         3
 Portal Projectile        Hex/Tloc       4%         N/A       82%         3
 Cause Fear               Hex            2%         N/A       95%         4

Inventory:

Hand Weapons
 Y - a +1 sling (weapon)
Armour
 d - a +0 ring mail (worn)
 g - the +1 helmet "Oskoah" (worn) {Int-5 Dex+3}
   (You found it on level 3 of the Dungeon)

   Int:       It affects your intelligence (-5).
   Dex:       It affects your dexterity (+3).
Jewellery
 e - an amulet of the acrobat (around neck)
Potions
 a - a potion of mutation {unknown}
 b - a potion of curing {unknown}

Dungeon Overview and Level Annotations

Branches:
Dungeon (5/15)
 Temple: D:4-7

Altars:

Shops:
D:3 *   D:4 (


Message History

The sling bullet hits the kobold brigand.
The kobold brigand is heavily wounded.
The orc completely misses you. The orc hits you with a +0 hand axe.
The kobold brigand hits you but does no damage.
The orc completely misses you. Something hits you.
You shoot a sling bullet.
The sling bullet hits the kobold brigand but does no damage.
The kobold brigand is heavily wounded.
The orc hits you but does no damage. The orc closely misses you.
The kobold brigand hits you but does no damage.
Something hits you but does no damage. The orc hits you with a +0 club.
You shoot a sling bullet.
The sling bullet hits the kobold brigand.
The kobold brigand is heavily wounded.
You hear some strange, mumbled words.
A magic dart appears from out of thin air!
The magic dart hits you. The orc hits you but does no damage.
The orc hits you with a +0 hand axe. The kobold brigand barely misses you.
The orc hits you but does no damage.
You shoot a sling bullet.
The sling bullet hits the kobold brigand.
The kobold brigand is severely wounded.
You hear some strange, mumbled words.
A puff of flame appears from out of thin air!
The puff of flame misses you. The orc hits you but does no damage.
The orc closely misses you.
The kobold brigand hits you but does no damage.
The orc hits you but does no damage. Something hits you but does no damage.
The orc closely misses you.
The kobold brigand hits you but does no damage.
The orc completely misses you. The orc hits you but does no damage.
You shoot a sling bullet.
The sling bullet barely misses the kobold brigand.
The orc hits you with a +0 short sword. The orc hits you but does no damage.
The kobold brigand barely misses you. Something hits you but does no damage.
The orc hits you with a +0 club.
You shoot a sling bullet.
The sling bullet barely misses the kobold brigand.
Something hits you. The orc misses you. The orc hits you with a +0 hand axe.
You die...

######
#....###
#.8....#
#....o.###
#..o@K...#
#..){o...#
#.....\....#
#..........#
#....?..<...
#...........
#.........8.
............


You could see a kobold brigand and 3 orcs.

Vanquished Creatures
  A scorpion (D:5)
  2 adders
  2 worms
  A dart slug (D:2)
  2 orcs (D:4)
  4 ball pythons
  6 endoplasms
  A giant cockroach (D:3)
  3 goblins
  3 hobgoblins
  4 jackals (D:2)
  A quokka (D:1)
  6 bats
  2 frilled lizards
  4 kobolds
  7 rats
49 creatures vanquished.

Notes
Turn   | Place    | Note
-------+----------+-------------------------------------------
     0 | D:1      | qw the Gargoyle Hexslinger began the quest for the Orb.
     0 | D:1      | Reached XP level 1. HP: 12/12 MP: 2/2
     0 | D:1      | 0 ||| qw: Version: 0.3-a-52-g30416fa
     0 | D:1      | 0 ||| qw: Game counter: 7338
     0 | D:1      | 0 ||| qw: Melee chars always use a shield: true
     0 | D:1      | 0 ||| qw: God list: Okawaru
     0 | D:1      | 0 ||| qw: Allow faded altars: false
     0 | D:1      | 0 ||| qw: Do Orc after clearing Dungeon:15 true
     0 | D:1      | 0 ||| qw: Do second Lair branch before Depths: true
     0 | D:1      | 0 ||| qw: Lair rune preference: random
     0 | D:1      | 0 ||| qw: Goals: Normal
     0 | D:1      | 0 ||| PLANNING D:1-11
   142 | D:1      | Reached XP level 2. HP: 16/16 MP: 3/3
   281 | D:1      | Reached skill level 3 in Ranged Weapons
   285 | D:1      | 285 ||| UPGRADING to +0 ring mail.
   320 | D:1      | 320 ||| DROPPING +0 robe.
   379 | D:1      | Found a faded altar of an unknown god.
   623 | D:1      | 623 ||| UPGRADING to amulet of the acrobat.
   628 | D:1      | 628 ||| READING scroll labelled XOROLEB JUCUOT.
   642 | D:1      | 642 ||| READING scroll labelled OHYFOFA QUIDOQ.
   643 | D:1      | 643 ||| READING scroll labelled IJISIYXKUOKI.
   644 | D:1      | 644 ||| DROPPING scroll of poison.
   679 | D:2      | Reached XP level 3. HP: 20/21 MP: 4/4
  1276 | D:2      | Reached XP level 4. HP: 26/26 MP: 5/5
  1347 | D:3      | Reached skill level 4 in Ranged Weapons
  1384 | D:3      | Identified the +1 helmet "Oskoah" {Int-5 Dex+3}
  1452 | D:3      | Found Niahokuj's General Store.
  1460 | D:3      | 1460 ||| SHOPLISTING 2 potions of enlightenment (100 gold,
                  | have 54).
  1477 | D:3      | Identified the +5 chain mail "Raxanori" {rElec rF+++ Int-3
                  | Stlth-}
  1509 | D:3      | You fall into a shaft and drop 2 floors!
  1509 | D:5      | Entered Level 5 of the Dungeon
  1512 | D:5      | Noticed a scorpion
  1519 | D:5      | Killed a scorpion
  1520 | D:5      | Reached XP level 5. HP: 27/30 MP: 6/6
  1538 | D:5      | 1538 ||| UPGRADING to +1 helmet "Oskoah" {Int-5 Dex+3}.
  1543 | D:5      | 1543 ||| READING scroll labelled NAXOUP WIXKUMM.
  1544 | D:5      | 1544 ||| READING scroll labelled DOABIE SYNK.
  1551 | D:4      | Found Oraec's Weapon Shoppe.
  1553 | D:4      | Noticed a kobold brigand
  1568 | D:4      | HP: 7/30 [orc/+0 hand axe (1)]
  1570 | D:4      | HP: 2/30 [orc/+0 club (2)]
  1571 | D:4      | Slain by an orc

Levels and vault maps discovered:
D:1:      lightli_arrival_boilingwater, layout_basic, serial_glass,
          glass_columns_a, glass_columns_c, shapermc_ecumenical_altar_petra
D:2:      layout_basic
D:3:      layout_loops_ring, serial_shops, shop
D:4:      layout_basic, nicolae_overflow_crystal_walls, kennysheep_mini_moat,
          serial_shops, nicolae_shop_just_a_little_nook, shop,
          nicolae_shop_tiny_statue_garden, shop, nicolae_stop_n_shop_1,
          minmay_ruined_shrine
D:5:      layout_basic, old_standard_altar, tso_altar, kiku_gazebo_pond_becter,
          minitemple, nicolae_hepliaklqana_monster_ancestors, serial_shops,
          nicolae_shop_hallway_plus, nicolae_shop_clearance

Skill      XL: |  1  2  3  4 |
---------------+-------------+-----
Ranged Weapons | 3 4 |  4.1
Fighting       | 2 |  2.0
Armour         | 2 |  2.6
Dodging        | |  1.5
Spellcasting   | |  1.0
Hexes          | |  2.6

Action                     |  1- 3 |  4- 6 || total
---------------------------+-------+-------++-------
   Fire: Sling             |   173 |    46 ||   219
    Use: Scroll            |     3 |     2 ||     5
 Armour: Robe              |     7 |       ||     7
         Ring mail         |    43 |    41 ||    84
         Skin              |     2 |       ||     2
  Dodge: Dodged            |    74 |    33 ||   107

Table legend:
 A = Non-vault XP
 B = Vault XP
 C = Vault XP percentage of total XP
 D = Non-vault monster count
 E = Vault monster count
 F = Vault count percentage of total count
                 A         B        C        D         E       F
            +---------+---------+-------+---------+---------+-------
      Total |     194 |       0 |   0.0 |      49 |       0 |   0.0
            +---------+---------+-------+---------+---------+-------
        D:1 |      32 |       0 |   0.0 |      21 |       0 |   0.0
        D:2 |      50 |       0 |   0.0 |      20 |       0 |   0.0
        D:3 |      23 |       0 |   0.0 |       5 |       0 |   0.0
        D:4 |       6 |       0 |   0.0 |       2 |       0 |   0.0
        D:5 |      83 |       0 |   0.0 |       1 |       0 |   0.0
            +---------+---------+-------+---------+---------+-------
